 Dungeon Crawl Stone Soup version 0.21-a0-372-gd0ff781 (webtiles) character file.

4484 qqqbard the Basher (level 10, -2/63 HPs)
             Began as a Gargoyle Fighter on Oct 16, 2017.
             Was a Follower of the Shining One.
             Slain by Grum
             ... wielding a +1 halberd of holy wrath
              (7 damage)
             ... on level 9 of the Dungeon.
             The game lasted 00:12:13 (8508 turns).

qqqbard the Basher (Gargoyle Fighter)               Turns: 8508, Time: 00:12:13

Health: -2/63      AC: 17    Str: 23    XL:     10   Next: 38%
Magic:  13/13      EV: 10    Int: 14    God:    the Shining One [*.....]
Gold:   475        SH: 10    Dex:  9    Spells: 9/9 levels left

rFire    . . .     SeeInvis .   a - +1 flail
rCold    . . .     Gourm    .   c - +0 shield
rNeg     + . .     Faith    .   b - +0 scale mail
rPois    ∞         Spirit   .   e - +0 helmet
rElec    +         Reflect  .   (no cloak)
rCorr    +         Harm     .   (no gloves)
MR       +....                  t - +0 pair of boots
Stlth    ..........             (no amulet)
HPRegen  0.20/turn              y - ring of protection from magic
MPRegen  0.13/turn              p - ring of resist corrosion

@: brilliant, about to teleport, glowing
A: negative energy resistance 1, electricity resistance, unbreathing,
petrification resistance, rot immunity, AC +7
a: Renounce Religion


You were on level 9 of the Dungeon.
You worshipped the Shining One.
The Shining One was aware of your devotion.
You were not hungry.

You visited 2 branches of the dungeon, and saw 10 of its levels.
You also visited: Sewer.

You collected 475 gold pieces.

Inventory:

Hand Weapons
 a - a +1 flail (weapon)
Armour
 b - a +0 scale mail (worn)
 c - a +0 shield (worn)
 e - a +0 helmet (worn)
 t - a +0 pair of boots (worn)
Jewellery
 m - a cursed -2 ring of evasion
 p - a ring of resist corrosion (right hand)
 y - a ring of protection from magic (left hand)
 I - an uncursed amulet of guardian spirit {unknown}
Wands
 z - a wand of flame (40/48)
 D - a wand of iceblast (5/15)
Scrolls
 g - 4 scrolls of remove curse
 h - 2 scrolls of enchant weapon
 n - 7 scrolls of identify
 r - 7 scrolls of magic mapping
 s - 2 scrolls of fog
 u - a scroll of recharging {unknown}
 v - 2 scrolls of random uselessness
 w - 2 scrolls of noise {unknown}
 E - 2 scrolls of blinking
 H - a scroll of amnesia {unknown}
 L - 5 scrolls of teleportation
Potions
 d - 4 potions of might
 i - 4 potions of curing {unknown}
 j - 3 potions of lignification {unknown}
 k - 2 potions of mutation {unknown}
 l - a potion of flight {unknown}
 x - a potion of magic
 B - 5 potions of brilliance
 C - 5 potions of haste
 F - a potion of berserk rage {unknown}
Comestibles
 f - 8 bread rations
 o - 2 royal jellies
 q - 11 fruits
 G - 5 meat rations


   Skills:
 + Level 7.2 Fighting
 * Level 8.5 Maces & Flails
 + Level 7.1 Armour
 + Level 4.5 Dodging
 + Level 7.1 Shields
 + Level 4.8 Invocations


You had 9 spell levels left.
You didn't know any spells.

Dungeon Overview and Level Annotations

Branches:
Dungeon (9/15)             Temple (1/1) D:7
   Lair: D:8-11         Orc: D:9-12

Altars:
Ashenzari
Cheibriados
Dithmenos
Elyvilon
Fedhas
Gozag
Hepliaklqana
Kikubaaqudgha
Makhleb
Nemelex Xobeh
Okawaru
Qazlal
Ru
Sif Muna
Trog
Uskayaw
Vehumet
Wu Jian
Xom
Zin
The Shining One

Annotations:
D:9 Grum


Innate Abilities, Weirdness & Mutations

You are resistant to torment.
Your stone body is resilient. (AC +7)
You are immune to poison.
You resist negative energy. (rN+)
You are resistant to electric shocks. (rElec)
You can survive without breathing.
You are immune to petrification.
You are immune to rotting.


Message History

The vampire bites you but does no damage.
Blink to where?
Press: ? - help, Dir - move target cursor, f - you Are you sure you want to cancel this blink?
Okay, then.
As you read the scroll labeled ANNAQU SOETEW, it crumbles to dust.
It was a scroll of blinking.
Grum closely misses you.
The vampire is infused with unholy energy.
* * * LOW HITPOINT WARNING * * *
The vampire draws life force from you and is healed!
You hit the vampire but do no damage.
The vampire is heavily damaged.
Grum hits you from afar with a halberd of holy wrath.
* * * LOW HITPOINT WARNING * * *
The vampire hits you but does no damage.
The vampire bites you.
* * * LOW HITPOINT WARNING * * *
It was a potion of magic.
Magic courses through your body.
Grum hits you from afar with a halberd of holy wrath!
You die... #..#.. ....o #.... .... ho.

#o# .. ###.#
....#. #.tg###
#....#.###..hV@#
.........+..h###
##.....#.##...###
................#
..........†....#
#..#...#......#
##..#......#####
.#...........>...
........##..#####


You could see Grum, a vampire and 2 wolves.

Vanquished Creatures
  A two-headed ogre (D:8)
  Psyche (D:8)
  Sigmund (D:3)
  A wyvern (D:8)
  3 hungry ghosts
  The ghost of iamoutofideas the Firebug, an amateur DsFE (D:4)
  A porcupine (D:9)
  An ice beast (D:8)
  An orc warrior (D:9)
  2 necrophages
  3 sky beasts
  3 centaurs
  4 ogres
  A wolf (D:9)
  A bullfrog (D:8)
  A gnoll sergeant (D:8)
  A scorpion (D:9)
  3 howler monkeys
  A quasit (D:8)
  6 hounds
  2 jellies (D:8)
  A gnoll shaman (D:6)
  2 orc priests
  A bullfrog skeleton (D:6)
  An iguana (D:6)
  7 orc wizards
  Terence (D:2)
  6 worker ants
  A statue (D:4)
  A hound zombie (D:5)
  A hound skeleton (D:8)
  8 gnolls
  5 adders
  2 river rats (Sewer)
  A shadow imp (D:7)
  An ooze (D:3)
  2 worms
  2 dart slugs
  3 leopard geckos
  15 orcs
  8 bats
  2 giant cockroaches (D:5)
  7 goblins
  13 hobgoblins
  3 jackals (D:3)
  5 kobolds
  4 quokkas
  3 ball pythons
  14 frilled lizards
  14 rats
173 creatures vanquished.

Vanquished Creatures (others)
  A fungus (D:9)
1 creature vanquished.

Grand Total: 174 creatures vanquished

Notes
Turn   | Place    | Note
-------+----------+-------------------------------------------
     0 | D:1      | qqqbard the Gargoyle Fighter began the quest for the Orb.
     0 | D:1      | Reached XP level 1. HP: 14/14 MP: 1/1
   144 | D:1      | Reached XP level 2. HP: 19/19 MP: 2/2
   376 | D:1      | Reached XP level 3. HP: 17/23 MP: 3/3
   746 | D:2      | Noticed Terence
   765 | D:2      | Killed Terence
   765 | D:2      | Reached XP level 4. HP: 20/29 MP: 4/4
   988 | D:2      | Reached skill level 3 in Maces & Flails
  1010 | D:2      | Reached skill level 1 in Dodging
  1563 | D:3      | Reached XP level 5. HP: 28/33 MP: 5/5
  1648 | D:3      | Noticed Sigmund
  1677 | D:3      | Killed Sigmund
  1677 | D:3      | Reached skill level 4 in Maces & Flails
  1677 | D:3      | Reached XP level 6. HP: 9/39 MP: 6/6
  2284 | D:4      | Noticed iamoutofideas's ghost (amateur DsFE)
  2797 | D:4      | Killed iamoutofideas's ghost
  2797 | D:4      | Reached XP level 7. HP: 4/44 MP: 7/7
  3146 | D:4      | Found a bloodstained altar of Trog.
  3192 | D:4      | Found a radiant altar of Vehumet.
  3481 | D:5      | Entered Level 5 of the Dungeon
  3502 | D:5      | Noticed a hungry ghost
  3524 | D:5      | Killed a hungry ghost
  3524 | D:5      | Reached skill level 5 in Maces & Flails
  3542 | D:5      | Found a glowing golden altar of the Shining One.
  3549 | D:5      | Reached skill level 5 in Fighting
  3568 | D:5      | Became a worshipper of the Shining One
  3602 | D:5      | Reached skill level 5 in Armour
  3602 | D:5      | Reached skill level 5 in Shields
  3602 | D:5      | Reached XP level 8. HP: 32/49 MP: 8/8
  3994 | D:5      | Reached skill level 1 in Invocations
  4393 | D:6      | Found a glowing drain.
  4438 | Sewer    | Entered a sewer
  5118 | D:6      | Reached skill level 6 in Maces & Flails
  5251 | D:6      | Found a shattered altar of Ashenzari.
  5646 | D:7      | Found a staircase to the Ecumenical Temple.
  5775 | D:7      | Reached XP level 9. HP: 48/55 MP: 11/11
  6134 | Temple   | Entered the Ecumenical Temple
  6594 | D:8      | Reached * piety under the Shining One
  6612 | D:8      | Reached skill level 7 in Maces & Flails
  6939 | D:8      | Noticed a two-headed ogre
  6958 | D:8      | Killed a two-headed ogre
  7331 | D:8      | Found a shadowy altar of Dithmenos.
  7352 | D:8      | Noticed Psyche
  7630 | D:8      | Killed Psyche
  7630 | D:8      | Reached skill level 8 in Maces & Flails
  7630 | D:8      | Reached XP level 10. HP: 26/61 MP: 13/13
  8484 | D:9      | Noticed Grum
  8508 | D:9      | Slain by Grum

Vault maps used:
D:1:      nicolae_arrival_memento_mori, serial_bayou_lagoon_b
D:2:      uniq_terence
D:3:      uniq_sigmund
D:4:      vehumet_statue, lemuel_doored_altar
D:5:      first_bread, minmay_ruined_shrine
D:6:      cheibrodos_ashenzari_chains, cheibrodos_sewer_entry_drain
D:7:      temple_hall, abandoned_shop
D:8:      nicolae_dithmenos_the_darkroom, uniq_psyche
D:9:      grunt_temple_overflow_holy_war, grunt_lair_entry_orc_guard_hut,
          uniq_erica, uniq_grum
Temple:   eino_temple_scatter_basement
Sewer:    sewer_co_cracked_pipes

Skill      XL: |  1  2  3  4  5  6  7  8  9 10 |
---------------+-------------------------------+-----
Maces & Flails | 3 4 5 6 8 |  8.5
Dodging        | 1 2 3 4 |  4.5
Fighting       | 4 5 6 7 |  7.2
Armour         | 4 5 6 7 |  7.1
Shields        | 4 5 6 7 |  7.1
Invocations    | 2 4 |  4.8

Action                   |  1- 3 |  4- 6 |  7- 9 | 10-12 || total
-------------------------+-------+-------+-------+-------++-------
Melee: Flail             |    90 |   223 |   434 |   111 ||   858
  Use: Potion            |       |     1 |       |     6 ||     7
       Scroll            |       |       |     6 |     4 ||    10
  Eat: Chunk             |       |     5 |    18 |     2 ||    25
       Meat ration       |       |       |     2 |     1 ||     3
Armor: Scale mail        |    43 |   159 |   199 |    65 ||   466
Dodge: Dodged            |    25 |    93 |   133 |    60 ||   311
Block: Shield            |    36 |   140 |   237 |    70 ||   483

Table legend:
 A = Spawn XP
 B = Non-spawn XP
 C = Spawn XP percentage of total XP
 D = Spawn monster count
 E = Non-spawn monster count
 F = Spawn count percentage of total count
 G = Total turns spent on level
                    A         B        C        D         E        F      G
               +---------+---------+-------+---------+---------+-------+---------
         Total |       0 |    6407 |   0.0 |       0 |     173 |   0.0 |  8508
               +---------+---------+-------+---------+---------+-------+---------
           D:1 |       0 |      40 |   0.0 |       0 |      21 |   0.0 |   700
           D:2 |       0 |      78 |   0.0 |       0 |      17 |   0.0 |   647
           D:3 |       0 |     375 |   0.0 |       0 |      29 |   0.0 |  1379
           D:4 |       0 |     277 |   0.0 |       0 |       6 |   0.0 |   755
           D:5 |       0 |     631 |   0.0 |       0 |      14 |   0.0 |   822
           D:6 |       0 |     454 |   0.0 |       0 |      16 |   0.0 |   593
           D:7 |       0 |     586 |   0.0 |       0 |       8 |   0.0 |   803
           D:8 |       0 |    3266 |   0.0 |       0 |      33 |   0.0 |  2071
           D:9 |       0 |     644 |   0.0 |       0 |      10 |   0.0 |    94
         Sewer |       0 |      56 |   0.0 |       0 |      19 |   0.0 |   484
               +---------+---------+-------+---------+---------+-------+---------
